 Dungeon Crawl Stone Soup version 0.20-a0-809-gaf7f668 (webtiles) character file.

10304 dvd the Reanimator (level 11, -3/68 HPs)
             Began as a Demonspawn Necromancer on Mar 2, 2017.
             Was an Elder of Hepliaklqana.
             Slain by a seven-headed hydra (4 damage)
             ... on level 1 of the Lair of Beasts.
             The game lasted 00:52:48 (11447 turns).

dvd the Reanimator (Demonspawn Necromancer)        Turns: 11447, Time: 00:52:48

Health: -3/68      AC: 17    Str: 14    XL:     11   Next: 34%
Magic:  15/34      EV: 12    Int: 20    God:    Hepliaklqana [****..]
Gold:   692        SH:  0    Dex: 16    Spells: 10/27 levels left

rFire    + + .     SeeInvis +   a - +8 trident of Ilom {pierce, +Blink rPois rC- MP+9}
rCold    x . .     Gourm    .   M - +1 scale mail of the Arcane {SInv}
rNeg     + + .     Faith    .   (no shield)
rPois    +         Spirit   .   Q - +2 hat
rElec    .         Reflect  .   E - +0 cloak
rCorr    .         Harm     .   n - +2 pair of gloves
MR       .....                  (no boots)
Stlth    +.........             (no amulet)
Regen    0.3/turn               h - ring of positive energy
MPRegen  0.3/turn               i - +6 ring of strength

@: no status effects
A: reduced essence, hooves 2, iridescent scales 2, agile 1, fire resistance 2,
high mp 1, negative energy resistance 1, powered by pain 1
a: Recall Ancestor, Ancestor Identity, Transference, Idealise, Renounce
Religion, Evoke Blink


You were on level 1 of the Lair of Beasts.
You worshipped Hepliaklqana.
Hepliaklqana was greatly pleased with you.
You were not hungry.

You visited 3 branches of the dungeon, and saw 11 of its levels.
You also visited: Sewer.

You collected 692 gold pieces.

Inventory:

Hand Weapons
 a - the +8 trident of Ilom (weapon) {pierce, +Blink rPois rC- MP+9}
   (You found it on level 7 of the Dungeon)

   It inflicts extra damage upon your enemies.
   It makes you vulnerable to cold.
   It protects you from poison.
   It affects your magic capacity (+9).
   It lets you blink.
 b - the +5 morningstar of Dim Light {crush, Str+6 Dex-3 SInv}
   (You found it on level 7 of the Dungeon)

   It inflicts extra damage upon your enemies.
   It affects your strength (+6).
   It affects your dexterity (-3).
   It lets you see invisible.
 c - a +4 flail
 v - a +4 quarterstaff of chaos
 G - a +0 war axe
Armour
 n - a +2 pair of gloves (worn)
 p - a +0 helmet
 w - a +1 chain mail of poison resistance
 y - a +0 robe
 B - a +1 leather armour of fire resistance
 E - a +0 cloak (worn)
 M - the +1 scale mail of the Arcane (worn) {SInv}
   (You found it on level 8 of the Dungeon)

   It lets you see invisible.
 Q - a +2 hat (worn)
Jewellery
 d - an uncursed ring of see invisible
 h - a ring of positive energy (right hand)
 i - a +6 ring of strength (left hand)
 t - an uncursed ring of stealth
Wands
 g - a wand of iceblast (9/15)
 D - a wand of digging (14/24)
 J - a wand of confusion (5/48)
 L - a wand of lightning (9/15)
 N - a wand of enslavement (14/24)
 P - a wand of random effects (34/48)
 T - a wand of disintegration (15/24)
Scrolls
 e - 2 scrolls of fog
 k - a scroll of immolation
 m - 9 scrolls of teleportation
 o - 5 scrolls of remove curse
 s - 4 scrolls of magic mapping
 z - 7 scrolls of identify
 A - 2 scrolls of amnesia
Potions
 l - 5 potions of curing {unknown}
 u - 3 potions of heal wounds
 F - a potion of might
 H - a potion of flight
 I - a potion of magic
 O - a potion of agility
 S - a potion of resistance
Books
 r - a book of Flames

   Spells                             Type                      Level
   a - Flame Tongue                   Conjuration/Fire             1
   b - Throw Flame                    Conjuration/Fire             2
   c - Conjure Flame                  Conjuration/Fire             3
   d - Inner Flame                    Hexes/Fire                   3
   e - Sticky Flame                   Conjuration/Fire             4
   f - Fireball                       Conjuration/Fire             5
 C - a book of Necromancy

   Spells                             Type                      Level
   a - Pain                           Necromancy                   1
   b - Animate Skeleton               Necromancy                   1
   c - Vampiric Draining              Necromancy                   3
   d - Regeneration                   Charms/Necromancy            3
   e - Animate Dead                   Necromancy                   4
   f - Control Undead                 Necromancy                   4
 K - a book of Conjurations

   Spells                             Type                      Level
   a - Magic Dart                     Conjuration                  1
   b - Searing Ray                    Conjuration                  2
   c - Dazzling Spray                 Conjuration/Hexes            3
   d - Fulminant Prism                Conjuration/Hexes            4
   e - Force Lance                    Conjuration/Translocation    4
   f - Iskenderun's Mystic Blast      Conjuration                  4
Comestibles
 f - 8 fruits
 j - 5 royal jellies
 q - 8 meat rations
 x - 8 bread rations
 R - 2 chunks of flesh


   Skills:
 + Level 3.7 Fighting
 + Level 2.9(5.5) Axes
 + Level 5.2(5.6) Maces & Flails
 + Level 4.8(5.2) Polearms
 + Level 2.7 Armour
 + Level 5.2 Dodging
 + Level 5.2 Stealth
 + Level 0.1 Unarmed Combat
 + Level 8.6 Spellcasting
 + Level 1.7 Conjurations
 + Level 1.9 Charms
 + Level 10.0 Necromancy
 + Level 1.9 Fire Magic


You had 10 spell levels left.
You knew the following spells:

 Your Spells              Type           Power        Failure   Level  Hunger
a - Pain                  Necr           ####         1%          1    None
b - Vampiric Draining     Necr           #####.....   1%          3    None
c - Regeneration          Chrm/Necr      ####......   10%         3    None
d - Animate Dead          Necr           N/A          6%          4    ###....
e - Throw Flame           Conj/Fire      ###...       28%         2    None
f - Control Undead        Necr           #####.....   6%          4    ###....


Dungeon Overview and Level Annotations

Branches:
Dungeon (9/15)             Temple (1/1) D:5            Lair (1/6) D:9
    Orc: D:9-12

Altars:
Ashenzari
Cheibriados
Dithmenos
Elyvilon
Fedhas
Gozag
Hepliaklqana
Kikubaaqudgha
Makhleb
Nemelex Xobeh
Okawaru
Qazlal
Ru
Sif Muna
Trog
Uskayaw
Vehumet
Wu Jian
Xom
Yredelemnul
Zin
The Shining One

Annotations:
D:3 Nico3ck's ghost, amateur OpTm


Innate Abilities, Weirdness & Mutations

You have hoof-like feet.
You are mostly covered in iridescent scales. (AC +4)
Your flesh is very heat resistant. (rF++)
You resist negative energy. (rN+)
You sometimes gain a little power by taking damage.
Your life essence is reduced. (-10% HP)
You are agile. (Dex +2)
You have an increased reservoir of magic. (+10% MP)


Message History

The seven-headed hydra closely misses you.
The seven-headed hydra misses you. The seven-headed hydra bites you!
* * * LOW HITPOINT WARNING * * *
Casting: Vampiric Draining
Confirm with . or Enter, or press ? or * to list all spells.
Aiming: Vampiric Draining
Press: ? - help, Shift-Dir - straight line, f/p - seven-headed hydra
Aim: a seven-headed hydra (almost dead)
The seven-headed hydra is almost dead.
You feel life coursing into your body. The seven-headed hydra bites you.
* * * LOW HITPOINT WARNING * * *
The seven-headed hydra closely misses you.
The seven-headed hydra bites you but does no damage.
The seven-headed hydra bites you!
* * * LOW HITPOINT WARNING * * *
The seven-headed hydra bites you but does no damage.
The seven-headed hydra bites you.
* * * LOW HITPOINT WARNING * * *
The seven-headed hydra bites you.
You die...

##....#P.####........
#.........#P........
#....#.##..+........
##.##### #.........
#.# #P#####.+# #.## ##
##.# ### #..## ###.
#P..#.+P# #...
#....D@.# #..##
#.......# #....
#.......# #....
#........P .######...#
#..........
......[..##
#.......###.###..##..#
#.##.##### # ## #..##
## ## ##.## #.P#


You could see a seven-headed hydra.

Vanquished Creatures
  A centaur warrior (D:9)
  An unseen horror (D:7)
  2 spiny frogs (Lair:1)
  A komodo dragon (Lair:1)
  2 hippogriffs
  Grinder (D:6)
  2 hogs (D:7)
  Sigmund (D:4)
  2 hungry ghosts
  A human (D:7)
  4 yaks (Lair:1)
  2 water moccasins
  2 black bears
  2 sky beasts
  An orc warrior (D:9)
  A phantom (D:4)
  3 ice beasts
  6 ogres
  4 wolves (Lair:1)
  3 centaurs
  4 big kobolds (Sewer)
  Blork the orc (D:6)
  6 bullfrogs
  4 scorpions
  A water moccasin skeleton (D:8)
  4 killer bees (D:7)
  2 howler monkeys
  3 crimson imps
  2 hounds
  3 orc priests
  Crazy Yiuf (D:7)
  2 jellies
  5 orc wizards
  A centaur skeleton (D:4)
  2 iguanas
  2 worker ants
  A killer bee zombie (D:9)
  3 hound skeletons
  A howler monkey skeleton (D:6)
  7 gnolls
  8 adders
  4 oozes
  4 dart slugs
  6 leopard geckos
  21 orcs
  9 giant cockroaches
  3 goblins
  7 hobgoblins
  9 jackals
  12 kobolds
  3 quokkas
  6 ball pythons
  7 bats
  7 frilled lizards
  A jackal skeleton (D:4)
  A quokka skeleton (D:4)
  7 rats
212 creatures vanquished.

Vanquished Creatures (collateral kills)
  The ghost of Alarkh the Skirmisher, a novice DsFi (D:6)
  A spiny frog (Lair:1)
  Grum (Lair:1)
  2 hogs (D:7)
  2 water moccasins (Lair:1)
  A sky beast (D:8)
  An ice beast (D:9)
  2 ogres (D:7)
  2 centaurs
  A big kobold (Sewer)
  A bullfrog (D:4)
  A scorpion (D:7)
  2 killer bees (D:7)
  A crimson imp (D:7)
  A hound (D:8)
  An orc priest (D:9)
  A centaur skeleton (D:5)
  An orc wizard (D:4)
  2 iguanas
  A worker ant (D:4)
  A gnoll (D:4)
  An adder (D:4)
  A shadow imp (D:5)
  An adder skeleton (D:7)
  A leopard gecko (D:9)
  3 orcs
  A ball python (Sewer)
  A bat (Sewer)
  2 giant cockroaches
  A quokka (D:7)
  3 kobolds
  A quokka skeleton (D:5)
  A fungus (Sewer)
44 creatures vanquished.

Vanquished Creatures (others)
  4 knights
  2 ancestors (D:4)
6 creatures vanquished.

Grand Total: 262 creatures vanquished

Notes
Turn   | Place    | Note
-------+----------+-------------------------------------------
     0 | D:1      | dvd the Demonspawn Necromancer began the quest for the Orb.
     0 | D:1      | Reached XP level 1. HP: 13/13 MP: 3/3
   418 | D:1      | Gained mutation: You are partially covered in iridescent scales. (AC +2) [demonic ancestry]
   418 | D:1      | Reached XP level 2. HP: 18/19 MP: 1/5
  1181 | D:2      | Gained mutation: Your flesh is heat resistant. (rF+) [demonic ancestry]
  1181 | D:2      | Reached XP level 3. HP: 23/24 MP: 4/6
  1196 | D:2      | Reached skill level 5 in Necromancy
  1322 | D:1      | Learned a level 3 spell: Vampiric Draining
  1326 | D:1      | Learned a level 3 spell: Regeneration
  1513 | D:2      | Gained mutation: You have large cloven feet. [demonic ancestry]
  1513 | D:2      | Reached XP level 4. HP: 23/30 MP: 5/8
  1542 | D:2      | Found a hide-covered altar of Uskayaw.
  2033 | D:2      | Noticed an angel
  2034 | D:2      | Found a glowing silver altar of Zin.
  2243 | D:3      | Noticed Nico3ck's ghost (amateur OpTm)
  2366 | D:3      | Found a glowing golden altar of the Shining One.
  2366 | D:3      | Found a bloodstained altar of Trog.
  2367 | D:3      | Found a snail-covered altar of Cheibriados.
  2368 | D:3      | Found a basalt altar of Yredelemnul.
  2368 | D:3      | Found a deep blue altar of Sif Muna.
  2368 | D:3      | Found an ornate altar of the Wu Jian Council.
  2369 | D:3      | Found an opulent altar of Gozag.
  2484 | D:3      | Gained mutation: You have hoof-like feet. [demonic ancestry]
  2484 | D:3      | Reached XP level 5. HP: 32/35 MP: 9/9
  2534 | D:3      | Noticed a centaur
  2551 | D:3      | Killed a centaur
  2551 | D:3      | Reached skill level 1 in Axes
  2877 | D:3      | Found a faded altar of an unknown god.
  2943 | D:3      | Became a worshipper of Hepliaklqana the Forgotten
  2943 | D:3      | Reached * piety under Hepliaklqana
  3242 | D:4      | Reached XP level 6. HP: 24/37 MP: 3/10
  3364 | D:4      | Learned a level 4 spell: Animate Dead
  3451 | D:4      | Noticed Sigmund
  3472 | D:4      | Killed Sigmund
  3472 | D:4      | Reached skill level 1 in Fighting
  3472 | D:4      | Reached skill level 6 in Necromancy
  3613 | D:4      | Reached skill level 1 in Charms
  3651 | D:4      | Gained mutation: You sometimes gain a little power by taking damage. [demonic ancestry]
  3651 | D:4      | Reached XP level 7. HP: 25/43 MP: 6/12
  3977 | D:4      | Noticed a hippogriff
  3989 | D:4      | Killed a hippogriff
  4220 | D:4      | Reached skill level 1 in Maces & Flails
  4223 | D:4      | Reached skill level 7 in Necromancy
  4544 | D:4      | Gained mutation: You are mostly covered in iridescent scales. (AC +4) [demonic ancestry]
  4544 | D:4      | Reached XP level 8. HP: 37/48 MP: 8/15
  4708 | D:5      | Entered Level 5 of the Dungeon
  4709 | D:5      | Found an ancient bone altar of Kikubaaqudgha.
  4812 | D:5      | Found a glowing drain.
  4848 | D:5      | Reached skill level 5 in Spellcasting
  4857 | D:5      | Reached ** piety under Hepliaklqana
  4858 | D:5      | Remembered your ancestor Tepiltzin as a knight
  4920 | Sewer    | Entered a sewer
  5381 | D:5      | Found a staircase to the Ecumenical Temple.
  5617 | D:5      | Found a shimmering altar of Xom.
  5617 | D:5      | Found a burning altar of Makhleb.
  5810 | D:5      | Gained mutation: You occasionally shout uncontrollably at your foes. [mutagenic meat]
  5811 | D:5      | Gained mutation: You are dopey. (Int -2) [mutagenic meat]
  5812 | D:5      | Gained mutation: Your flesh is very heat resistant. (rF++) [mutagenic meat]
  5813 | D:5      | Gained mutation: Your muscles are strong. (Str +2) [mutagenic meat]
  5814 | D:5      | Gained mutation: You have sharp fingernails. [mutagenic meat]
  5907 | D:6      | Lost mutation: You have sharp fingernails. [potion of mutation]
  5907 | D:6      | Lost mutation: Your muscles are strong. (Str +2) [potion of mutation]
  5907 | D:6      | Lost mutation: You are dopey. (Int -2) [potion of mutation]
  5907 | D:6      | Lost mutation: You occasionally shout uncontrollably at your foes. [potion of mutation]
  5907 | D:6      | Gained mutation: You are agile. (Dex +2) [potion of mutation]
  5907 | D:6      | Gained mutation: You have an increased reservoir of magic. (+10% MP) [potion of mutation]
  5986 | D:6      | Noticed Alarkh's ghost (novice DsFi)
  5999 | D:6      | Reached XP level 9. HP: 49/54 MP: 19/19
  6060 | D:6      | Killed Alarkh's ghost
  6064 | D:6      | Reached skill level 8 in Necromancy
  6149 | D:6      | Learned a level 2 spell: Throw Flame
  6199 | D:6      | Noticed Blork the orc
  6209 | D:6      | Killed Blork the orc
  6432 | D:6      | Noticed Grinder
  6452 | D:6      | Killed Grinder
  6745 | D:6      | Reached *** piety under Hepliaklqana
  7043 | D:7      | Reached skill level 5 in Maces & Flails
  7098 | D:7      | Got a scorched trident
  7099 | D:7      | Identified the +8 trident of Ilom {pierce, +Blink rPois rC- MP+9} (You found it on level 7 of the Dungeon)
  7129 | D:7      | Reached skill level 1 in Conjurations
  7160 | D:7      | Reached skill level 1 in Fire Magic
  7177 | D:7      | Found a runed door.
  7181 | D:7      | Noticed Crazy Yiuf
  7188 | D:7      | Killed Crazy Yiuf
  7532 | D:7      | Reached skill level 1 in Polearms
  7532 | D:7      | Reached skill level 5 in Stealth
  7532 | D:7      | Reached XP level 10. HP: 55/62 MP: 22/22
  7993 | D:7      | Killed an unseen horror
  7993 | D:7      | Reached skill level 9 in Necromancy
  8081 | D:7      | Reached **** piety under Hepliaklqana
  8109 | D:7      | Got an ancient morningstar
  8110 | D:7      | Identified the +5 morningstar of Dim Light {crush, Str+6 Dex-3 SInv} (You found it on level 7 of the Dungeon)
  8826 | Temple   | Entered the Ecumenical Temple
  9477 | D:7      | Learned a level 4 spell: Control Undead
  9564 | D:8      | Got a jewelled scale mail
  9575 | D:8      | Identified the cursed +1 scale mail of the Arcane {SInv} (You found it on level 8 of the Dungeon)
  9977 | D:9      | Found a sparkling altar of Nemelex Xobeh.
 10277 | D:9      | Reached skill level 5 in Dodging
 10452 | D:9      | Found a staircase to the Lair.
 10486 | D:9      | Reached skill level 1 in Armour
 10514 | D:9      | Noticed a centaur warrior
 10522 | D:9      | Killed a centaur warrior
 10662 | Lair:1   | Entered Level 1 of the Lair of Beasts
 10686 | Lair:1   | Noticed a spiny frog
 10686 | Lair:1   | Gained mutation: You resist negative energy. (rN+) [demonic ancestry]
 10686 | Lair:1   | Reached XP level 11. HP: 67/67 MP: 25/25
 11266 | Lair:1   | Noticed Grum
 11295 | Lair:1   | Reached skill level 10 in Necromancy
 11302 | Lair:1   | Killed Grum
 11434 | Lair:1   | Noticed a seven-headed hydra
 11447 | Lair:1   | HP: 3/68 [seven-headed hydra (10)]
 11447 | Lair:1   | HP: 1/68 [seven-headed hydra (2)]
 11447 | Lair:1   | Slain by a seven-headed hydra

Vault maps used:
D:1:      saegor_arrival_miasma, dk_noncrumbling_3
D:2:      old_standard_altar, zin_angel, first_bread
D:3:      grunt_temple_overflow_open, chequers_ecumenical_altar_twisty,
          hangedman_decor_growths
D:4:      uniq_sigmund
D:5:      grunt_temple_overflow_champion_of_chaos, lemuel_crystal_altar,
          minmay_temple_entry_from_below_a, portal_sewer_entry_a,
          minmay_splitting_lines
D:6:      uniq_grinder, uniq_blork_the_orc
D:7:      grunt_livestock, uniq_crazy_yiuf_cottage
D:9:      nicolae_overflow_hidden_temple, lair_entry_dummy
Temple:   compressed_dpeg_triangle_lava_temple
Lair:1:   grunt_megastairs_3, uniq_grum
Sewer:    kennysheep_pipe_town

Skill      XL: |  1  2  3  4  5  6  7  8  9 10 11 |
---------------+----------------------------------+-----
Dodging        | 2 3 4 5 |  5.2
Stealth        | 2 3 5 |  5.2
Necromancy     | 5 6 7 8 9 10 | 10.0
Axes           | 1 2 |  2.9
Spellcasting   | 3 4 5 6 8 |  8.6
Fighting       | 1 2 3 |  3.7
Charms         | 1 |  1.9
Maces & Flails | 1 3 5 |  5.2
Conjurations   | 1 |  1.7
Fire Magic     | 1 |  1.9
Polearms       | 1 4 |  4.8
Armour         | 1 2 |  2.7
Unarmed Combat | |  0.1

Action                   |  1- 3 |  4- 6 |  7- 9 | 10-12 || total
-------------------------+-------+-------+-------+-------++-------
Melee: Unarmed           |     7 |       |       |       ||     7
       Hand axe          |    40 |    65 |       |       ||   105
       Kick              |       |    27 |    60 |    48 ||   135
       War axe           |       |    47 |    15 |       ||    62
       Flail             |       |     3 |   234 |       ||   237
       Trident           |       |       |    27 |   209 ||   236
       Morningstar       |       |       |       |     3 ||     3
 Cast: Pain              |    37 |    32 |    19 |     6 ||    94
       Regeneration      |     2 |     8 |    14 |     8 ||    32
       Vampiric Draining |     1 |    16 |    39 |    48 ||   104
       Animate Dead      |       |     1 |    16 |    10 ||    27
       Throw Flame       |       |       |    15 |    19 ||    34
Invok: Ancestor Identity |       |     1 |       |       ||     1
       Recall Ancestor   |       |       |     3 |     3 ||     6
       Ancestor Life: Kn |       |       |     1 |       ||     1
  Use: Potion            |     1 |       |     8 |     3 ||    12
       Scroll            |       |       |    13 |     3 ||    16
 Stab: Sleeping          |     3 |     4 |    22 |     3 ||    32
       Distracted        |       |     1 |     3 |     3 ||     7
  Eat: Chunk             |     3 |     9 |    26 |    11 ||    49
       Bread ration      |       |       |       |     1 ||     1
       Royal jelly       |       |       |       |     1 ||     1
Armor: Robe              |    31 |    47 |   108 |    19 ||   205
       Scale mail        |       |       |       |   138 ||   138
Dodge: Dodged            |    71 |   120 |   244 |   200 ||   635
